 Dungeon Crawl Stone Soup version 0.25-a0-516-g7d600cd9ad (webtiles) character file.

Game seed: 18085221061324217136, levelgen mode: deterministic

490 Eurus the Conjurer (level 6, -3/46 HPs)
             Began as a Mummy Conjurer on Feb 17, 2020.
             Slain by a worker ant (4 damage)
             ... on level 4 of the Dungeon.
             The game lasted 00:10:31 (3871 turns).

Eurus the Conjurer (Mummy Conjurer)                 Turns: 3871, Time: 00:10:32

Health: -3/46      AC:  4    Str: 11    XL:     6   Next: 90%
Magic:  2/13       EV: 12    Int: 16    God:
Gold:   177        SH:  0    Dex: 13    Spells: 7/14 levels left

rFire    x . .     SeeInvis .   d - +0 dagger
rCold    + . .     Gourm    .   (no shield)
rNeg     + + +     Faith    .   a - +0 robe
rPois    ∞         Spirit   .   i - +0 helmet
rElec    .         Reflect  .   (no cloak)
rCorr    .         Harm     .   (no gloves)
MR       .....                  l - +0 pair of boots (curse)
Stlth    ++........             (no amulet)
HPRegen  0.15/turn              (no ring)
MPRegen  0.13/turn              (no ring)

@: no status effects
A: no food or potions, fire vulnerability, cold resistance 1, negative energy
resistance 3, torment resistance, unbreathing
a: no special abilities


You were on level 4 of the Dungeon.
You were not hungry.

You visited 1 branch of the dungeon, and saw 4 of its levels.
You also visited: Sewer.

You collected 177 gold pieces.

Inventory:

Hand Weapons
 d - a +0 dagger (weapon)
Armour
 a - a +0 robe (worn)
 i - a +0 helmet (worn)
 j - a cursed +0 buckler
 l - a cursed +0 pair of boots (worn)
Scrolls
 b - 3 scrolls of remove curse
 c - 3 scrolls of teleportation
 e - a scroll of noise {unknown}
 f - 2 scrolls of fear
 g - 2 scrolls of immolation {unknown}
 h - 2 scrolls of random uselessness {unknown}
 k - a scroll of identify


   Skills:
 - Level 2.9 Fighting
 - Level 0.4 Armour
 - Level 1.5 Dodging
 - Level 1.5 Stealth
 * Level 1.3 Shields
 + Level 4.9 Spellcasting
 + Level 5.1 Conjurations
 + Level 1.1 Translocations


You had 7 spell levels left.
You knew the following spells:

 Your Spells              Type           Power        Failure   Level  Hunger
a - Magic Dart            Conj           ###.         1%          1    N/A
b - Searing Ray           Conj           ###...       2%          2    N/A
c - Iskenderun's Mystic   Conj/Tloc      ##......     38%         4    N/A

Your spell library contained the following spells:

 Spells                   Type           Power        Failure   Level  Hunger
 Dazzling Flash           Conj/Hex       ##....       16%         3    N/A
 Fulminant Prism          Conj/Hex       ##........   47%         4    N/A

Dungeon Overview and Level Annotations

Branches:
Dungeon (4/15)              Sewer (visited)
 Temple: D:4-7

Altars:
Elyvilon
Makhleb
Okawaru
Qazlal
Trog
Wu Jian

Annotations:
D:2 1 exclusion
D:4 3 runed translucent doors


Innate Abilities, Weirdness & Mutations

You do not eat or drink.
Your flesh is vulnerable to fire.
You are immune to poison.
Your flesh is cold resistant. (rC+)
You are immune to negative energy. (rN+++)
You are immune to unholy pain and torment.
You can survive without breathing.


Message History

Without enough magic to sustain it, your searing ray dissipates.
The worker ant closely misses you. The worker ant bites you.
You completely miss the worker ant.
The worker ant is heavily wounded.
The worker ant bites you.
You barely miss the worker ant.
The worker ant is heavily wounded.
The worker ant bites you!
* * * LOW HITPOINT WARNING * * *
You hit the worker ant but do no damage.
The worker ant is heavily wounded.
The worker ant bites you.
* * * LOW HITPOINT WARNING * * *
The worker ant barely misses you. The worker ant closely misses you.
The worker ant bites you!
* * * LOW HITPOINT WARNING * * *
The worker ant bites you.
You die...

#)# #.# # #.# .# ##.#
#.# ### #..## ##..#
#...##...## ##<.#
..........###..###.)
...[.......#.......#
..........a@...†.....
...........##########
....†.....##
#...##..^## ####
#####


You could see a worker ant.

Vanquished Creatures
  A big kobold (Sewer)
  A scorpion (D:4)
  A centaur zombie (D:3)
  A hound (D:3)
  An orc priest (D:4)
  An orc wizard (D:4)
  A hound skeleton (D:3)
  Robin (D:2)
  A worker ant zombie (D:3)
  8 adders
  2 river rats
  2 adder zombies (D:3)
  An adder skeleton (D:3)
  3 worms
  2 dart slugs
  3 orcs
  A ball python (D:3)
  4 giant cockroaches
  16 goblins
  8 hobgoblins
  13 jackals
  7 kobolds
  3 quokkas
  12 bats
  7 frilled lizards
  A giant cockroach zombie (D:3)
  A leopard gecko skeleton (D:3)
  A quokka skeleton (D:3)
  10 rats
114 creatures vanquished.

Notes
Turn   | Place    | Note
-------+----------+-------------------------------------------
     0 | D:1      | Eurus the Mummy Conjurer began the quest for the Orb.
     0 | D:1      | Reached XP level 1. HP: 13/13 MP: 4/4
   327 | D:1      | Reached XP level 2. HP: 20/20 MP: 2/5
   362 | D:1      | Learned a level 2 spell: Searing Ray
   657 | D:1      | Reached skill level 1 in Fighting
   878 | D:1      | Reached XP level 3. HP: 26/26 MP: 5/7
  1490 | D:2      | Reached skill level 4 in Conjurations
  1561 | D:2      | Reached XP level 4. HP: 32/32 MP: 4/9
  1665 | D:2      | Noticed Robin
  1684 | D:2      | Killed Robin
  1883 | D:2      | Found a stormy altar of Qazlal.
  2081 | D:2      | Found a bloodstained altar of Trog.
  2081 | D:2      | Found an iron altar of Okawaru.
  2305 | D:3      | Found a white marble altar of Elyvilon.
  2333 | D:3      | Reached XP level 5. HP: 33/38 MP: 6/10
  2407 | D:3      | Found a glowing drain.
  2417 | Sewer    | Entered a sewer
  2693 | Sewer    | Found a white marble altar of Elyvilon.
  2847 | D:3      | Reached XP level 6. HP: 46/46 MP: 6/12
  2860 | D:3      | Learned a level 4 spell: Iskenderun's Mystic Blast
  3012 | D:3      | Found a burning altar of Makhleb.
  3337 | D:3      | Reached skill level 5 in Conjurations
  3484 | D:3      | Found an ornate altar of the Wu Jian Council.
  3619 | D:4      | Found a runed translucent gate.
  3619 | D:4      | Found a runed translucent gate.
  3619 | D:4      | Found a runed translucent gate.
  3644 | D:4      | Noticed an orc warrior
  3648 | D:4      | Found a bloodstained altar of Trog.
  3857 | D:4      | Reached skill level 1 in Shields
  3857 | D:4      | Reached skill level 1 in Translocations
  3870 | D:4      | HP: 1/46 [worker ant (7)]
  3871 | D:4      | Slain by a worker ant

Levels and vault maps discovered:
D:1:      roderic_chinese_lattice_arrival, layout_loops_ring, grunt_decor_cap
D:2:      layout_rooms, gammafunk_temple_overflow_wave, grunt_qazlal_clouds,
          first_ration, serial_rivers, chequers_serial_rivers_small_b,
          chequers_serial_rivers_marsh, chequers_serial_rivers_large_a,
          chequers_serial_rivers_micro_c, uniq_robin
D:3:      layout_rooms, lemuel_crystal_altar, lemuel_round_altar,
          nicolae_overflow_hidden_temple, serial_undead, serial_undead_d,
          serial_undead_f, serial_undead_a, serial_undead_b, serial_undead_e,
          serial_undead_e, cheibrodos_sewer_entry_sluice
D:4:      layout_rooms, minmay_temple_entry_glass, gammafunk_ghost_icy,
          serial_shops, nicolae_shop_behind_doors, bloody_trog

Skill      XL: |  1  2  3  4  5  6 |
---------------+-------------------+-----
Spellcasting   | 3 4 |  4.9
Fighting       | 1 2 |  2.9
Conjurations   | 4 5 |  5.1
Shields        | 1 |  1.3
Translocations | 1 |  1.1
Armour         | |  0.4
Dodging        | |  1.5
Stealth        | |  1.5

Action                   |  1- 3 |  4- 6 || total
-------------------------+-------+-------++-------
Melee: Unarmed           |     8 |       ||     8
       Dagger            |    17 |    76 ||    93
 Cast: Magic Dart        |    65 |    48 ||   113
       Searing Ray       |     5 |    28 ||    33
  Use: Scroll            |       |     6 ||     6
 Stab: Sleeping          |       |     1 ||     1
Armor: Robe              |     5 |    34 ||    39
Dodge: Dodged            |    27 |    68 ||    95

Table legend:
 A = Non-vault XP
 B = Vault XP
 C = Vault XP percentage of total XP
 D = Non-vault monster count
 E = Vault monster count
 F = Vault count percentage of total count
                 A         B        C        D         E       F
            +---------+---------+-------+---------+---------+-------
      Total |     426 |     274 |  39.1 |      80 |      34 |  29.8
            +---------+---------+-------+---------+---------+-------
        D:1 |      41 |       0 |   0.0 |      23 |       0 |   0.0
        D:2 |      72 |      36 |  33.3 |      20 |      12 |  37.5
        D:3 |     123 |     114 |  48.1 |      25 |      12 |  32.4
        D:4 |     190 |       0 |   0.0 |      12 |       0 |   0.0
      Sewer |       0 |     124 | 100.0 |       0 |      10 | 100.0
            +---------+---------+-------+---------+---------+-------
